AoeStats
← JAM

Black Forest

508838819Analyzed
4v4 RM · 8d ago on Sep 24, 2026· 37m 31s· 8 players
Game mode
Random Map
Map size
Large (8 player)
Population
200
Speed
Normal
Resources
Standard
Victory
Conquest
Starting age
Dark Age
Ending age
Imperial Age
RankedLock teamsTeams togetherTeam positionsShared explorationLock speedFull tech treeHidden civsTurbo modeCheats
Victory
Defeat
🇭🇰 Burgundians · Hong Kong SAR China
1310
+15
🇧🇩 Lithuanians · Bangladesh
1272
+17
🇹🇼 Japanese · Taiwan
1228
+19
🇨🇳 Persians · China
1220
+19
🇷🇺 Japanese · Russia
1335
-19
🇷🇴 Britons · Romania
1328
-19
🇸🇮 Danes · Slovenia
1272
-17
🇩🇪 Celts · Germany
1226
-15
CumansCumin
10:42 Feudal Age
12:33 Loom
15:15 Castle Age
13:37 Horse Collar
13:55 Double-Bit Axe
16:37 Bow Saw
17:37 Heavy Plow
20:20 Fervor
24:41 Wheelbarrow
24:13 Scale Barding Armor
24:18 Forging
28:18 Imperial Age
26:38 Hand Cart
27:05 Bloodlines
27:59 Chain Barding Armor
27:42 Husbandry
28:09 Gold Mining
28:12 Stone Mining
28:27 Cavalier
29:52 Stone Shaft Mining
30:19 Two-Man Saw
29:52 Crop Rotation
30:35 Plate Barding Armor
30:36 Iron Casting
30:35 Paladin
30:35 Light Cavalry
32:54 Conscription
32:26 Town Watch
33:17 Caravan
33:48 Coinage
33:31 Guilds
35:14 Banking
R
7:05 Loom
10:36 Feudal Age
10:41 Man-at-Arms
11:33 Arson
13:31 Horse Collar
16:08 Double-Bit Axe
20:32 Castle Age
18:28 Gold Mining
18:38 Stone Mining
21:53 Fletching
22:29 Bodkin Arrow
32:16 Wheelbarrow
34:39 Imperial Age
32:35 Bow Saw
32:38 Padded Archer Armor
33:23 Ballistics
33:40 Thumb Ring
34:28 Leather Archer Armor
35:07 Heavy Cavalry Archer
36:21 Bracer
37:22 Parthian Tactics
38:22 Ring Archer Armor
Panchi
0:44 Loom
5:42 Double-Bit Axe
11:22 Feudal Age
15:19 Castle Age
14:14 Bow Saw
14:06 Horse Collar
21:07 Wheelbarrow
21:42 Heavy Plow
23:45 Hand Cart
24:22 Gold Mining
28:04 Imperial Age
25:47 Town Watch
26:21 Padded Archer Armor
27:34 Gold Shaft Mining
27:23 Town Patrol
27:11 Treadmill Crane
30:12 Chemistry
30:30 Two-Man Saw
30:38 Masonry
31:02 Leather Archer Armor
30:38 Fletching
31:11 Burgundian Vineyards
31:27 Conscription
31:42 Stone Mining
32:21 Bodkin Arrow
36:50 Bracer
37:41 Ballistics
37:52 Architecture
一一
11:10 Feudal Age
14:59 Castle Age
13:06 Double-Bit Axe
13:04 Horse Collar
17:16 Bow Saw
17:19 Heavy Plow
22:03 Wheelbarrow
24:32 Hand Cart
25:02 Gold Mining
25:03 Stone Mining
27:00 Gold Shaft Mining
27:01 Stone Shaft Mining
30:03 Imperial Age
27:21 Town Watch
29:34 Husbandry
29:44 Bloodlines
29:51 Cavalier
31:27 Scale Barding Armor
31:34 Forging
31:55 Guilds
31:14 Savar
33:10 Chain Barding Armor
33:29 Iron Casting
33:58 Two-Man Saw
33:31 Crop Rotation
35:54 Conscription
36:33 Plate Barding Armor
37:01 Blast Furnace
m00n
0:48 Loom
10:07 Feudal Age
16:58 Castle Age
15:00 Horse Collar
15:08 Double-Bit Axe
15:35 Horse Collar
18:06 Wheelbarrow
23:13 Elite Skirmisher
28:05 Hand Cart
27:54 Fletching
29:53 Bow Saw
29:44 Heavy Plow
33:40 Imperial Age
31:45 Thumb Ring
32:10 Gold Mining
32:10 Stone Mining
33:09 Bodkin Arrow
33:16 Padded Archer Armor
33:16 Pikeman
33:57 Squires
33:43 Arson
34:24 Scale Mail Armor
34:38 Halberdier
37:23 Chain Mail Armor
37:18 Forging
37:36 Ballistics
JAM
0:27 Loom
11:23 Feudal Age
11:54 Double-Bit Axe
19:06 Castle Age
18:05 Gold Mining
18:06 Stone Mining
18:45 Scale Mail Armor
18:56 Forging
18:57 Horse Collar
24:38 Bow Saw
25:19 Wheelbarrow
25:09 Heavy Plow
25:22 Town Watch
25:07 Pikeman
25:34 Arson
27:49 Stone Shaft Mining
27:24 Man-at-Arms
27:50 Gambesons
28:49 Caravan
29:18 Long Swordsman
30:40 Husbandry
34:24 Imperial Age
34:44 Fletching
34:55 Padded Archer Armor
35:11 Chain Mail Armor
35:38 Fortified Wall
36:12 Hand Cart
Finch
0:52 Loom
11:46 Feudal Age
12:45 Double-Bit Axe
12:44 Horse Collar
15:18 Castle Age
16:30 Bow Saw
20:27 Wheelbarrow
𝖋𝖔𝖈𝖆
12:17 Feudal Age
17:10 Castle Age
14:59 Double-Bit Axe
15:36 Stone Mining
15:37 Gold Mining
18:07 Loom
18:58 Wheelbarrow
19:10 Bow Saw
18:42 Horse Collar
23:34 Gold Shaft Mining
24:02 Fletching
26:44 Hand Cart
27:56 Bodkin Arrow
28:02 Padded Archer Armor
30:39 Imperial Age
29:20 Ballistics
29:40 Leather Archer Armor
30:15 Heavy Plow
31:55 Conscription
30:58 Elite Longbowman
31:41 Bracer
32:48 Chemistry
31:37 Arson
34:05 Ring Archer Armor
34:39 Squires
33:59 Pikeman
35:00 Halberdier
35:26 Gambesons
35:53 Forging
35:43 Scale Mail Armor
35:49 Scale Barding Armor
Connection lost

Rejoining the realm…

Still unreachable

The connection could not be restored.

Session expired

The server has moved on; the page needs a fresh start.